 Dungeon Crawl Stone Soup version 0.30-a0-847-g17996783a1 (webtiles) character file.

Game seed: 5364060464696579597

131 Maxmaps the Shield-Bearer (level 5, -4/47 HPs)
             Began as a Gnoll Fighter on Mar 3, 2023.
             Slain by Sigmund
             ... wielding a +0 scythe
              (8 damage)
             ... on level 3 of the Dungeon.
             The game lasted 00:01:47 (2113 turns).

Maxmaps the Shield-Bearer (Gnoll Fighter)           Turns: 2113, Time: 00:01:47

Health: -4/47      AC: 10    Str: 15    XL:     5   Next: 14%
Magic:  7/7        EV:  7    Int:  9    God:
Gold:   71         SH:  5    Dex: 12    Spells: 6/6 levels left

rFire   . . .      SeeInvis .    n - +2 dagger (speed)
rCold   . . .      Faith    .    c - +0 buckler
rNeg    . . .      Spirit   .    q - +0 chain mail
rPois   .          Reflect  .    (no helmet)
rElec   .          Rampage  .    (no cloak)
rCorr   .                        (no gloves)
Will    .....                    (no boots) Stlth
                                 (no amulet)
HPRegen 0.27/turn                (no ring)
MPRegen 0.10/turn                (no ring)

@: no status effects
A: fangs 1, strong nose, distributed training
a: no special abilities


You were on level 3 of the Dungeon.
You visited 1 branch of the dungeon, and saw 3 of its levels.

You collected 71 gold pieces.

Inventory:

Hand Weapons
 n - a +2 dagger of speed (weapon)
Armour
 b - a +0 scale mail
 c - a +0 buckler (worn)
 o - an orb of wrath
 q - a +0 chain mail (worn)
Scrolls
 f - a scroll of fear {unknown}
 k - 2 scrolls of identify {unknown}
 l - a scroll of noise {unknown}
 r - a scroll of enchant armour {unknown}
 s - a scroll of vulnerability {unknown}
Potions
 a - a potion of resistance {unknown}
 d - a potion of might
 e - a potion of attraction {unknown}
 g - 2 potions of curing {unknown}
 h - a potion of mutation {unknown}
 i - a potion of flight {unknown}
 j - a potion of heal wounds {unknown}
 m - a potion of cancellation {unknown}
 p - a potion of brilliance {unknown}


   Skills:
 + Level 6.7 Fighting
 + Level 1.4 Short Blades
 + Level 1.4 Long Blades
 + Level 1.4 Axes
 + Level 4.7 Maces & Flails
 + Level 1.4 Polearms
 + Level 1.4 Staves
 + Level 1.4 Ranged Weapons
 + Level 1.4 Throwing
 + Level 6.7 Armour
 + Level 1.4 Dodging
 + Level 1.4 Stealth
 + Level 6.7 Shields
 + Level 1.4 Unarmed Combat
 + Level 1.4 Spellcasting
 + Level 1.1 Conjurations
 + Level 1.1 Hexes
 + Level 1.1 Summonings
 + Level 1.1 Necromancy
 + Level 1.1 Translocations
 + Level 1.1 Transmutations
 + Level 1.1 Fire Magic
 + Level 1.1 Ice Magic
 + Level 1.1 Air Magic
 + Level 1.1 Earth Magic
 + Level 1.1 Poison Magic
 + Level 1.6 Invocations
 + Level 1.4 Evocations


You had 6 spell levels left.
You didn't know any spells.
Your spell library contained the following spells:

 Spells                   Type           Power      Damage    Failure   Level
 Cigotuvi's Dreadful Rot  Necr/Pois/Air  4%         N/A       100%        2
 Poisonous Vapours        Pois/Air       4%         N/A       100%        2
 Gell's Gravitas          Tloc           2%         N/A       100%        3
 Mephitic Cloud           Conj/Pois/Air  2%         N/A       100%        3
 Teleport Other           Tloc           2%         N/A       100%        3
 Dispersal                Tloc           1%         N/A       100%        6
 Malign Gateway           Summ/Tloc      1%         N/A       100%        7
 Summon Horrible Things   Summ           1%         N/A       100%        8


Dungeon Overview and Level Annotations

Branches:
Dungeon (3/15)

Altars:

Annotations:
D:3 Sigmund


Innate Abilities, Weirdness & Mutations

You have very sharp teeth.
Your uncanny sense of smell can sniff out nearby items.
Your experience applies equally to all skills.


Message History

You're too confused to move!
You bump into the rock wall.
Something hits you. Something hits you.
You're too confused to move!
You're too confused to move!
Something hits you!
You bump into the rock wall.
You feel less confused. Something hits you but does no damage.
You hit something. Something hits you.
You miss something. You miss something.
You hear some strange, mumbled words.
A magic dart appears from out of thin air!
The magic dart hits you but does no damage.
You barely miss something. You miss something.
Something hits you but does no damage.
You barely miss something. You barely miss something. Something hits you!
You closely miss something. Your bite misses something.
You closely miss something. You closely miss something.
Something hits you but does no damage.
You barely miss something. Your bite misses something.
You barely miss something. You bite something. Something hits you!
* * * LOW HITPOINT WARNING * * *
You barely miss something. You bite something. You hit something.
You closely miss something. Your bite misses something.
Something hits you but does no damage.
You hit something. You hit something.
You hear some strange, mumbled words.
Something tries to affect you, but you resist.
You hit something but do no damage. You hit something.
You hear some strange, mumbled words.
A puff of flame appears from out of thin air!
The puff of flame hits you!
* * * LOW HITPOINT WARNING * * *
You barely miss something. Something hits you!
You die...

#.# #.# #.# #.#
..#+###### #.#
#.........# #.#
..........# #{#
.##.........# #@#
............# #.#
..#.........####.###.#
..#..................#
..#.........####.#####
..#.........####.#
.................#
....##############
.....<..###


There were no monsters in sight!

Vanquished Creatures
  A hound (D:2)
  Terence (D:3)
  2 adders (D:2)
  A worm (D:3)
  2 dart slugs (D:1)
  5 ball pythons (D:2)
  5 endoplasms
  4 giant cockroaches
  2 goblins (D:1)
  7 hobgoblins
  4 jackals (D:3)
  2 bats (D:2)
  A frilled lizard (D:1)
  4 kobolds
  5 rats
46 creatures vanquished.

Vanquished Creatures (others)
  2 fungi (D:1)
  3 plants (D:1)
5 creatures vanquished.

Grand Total: 51 creatures vanquished

Notes
Turn   | Place    | Note
-------+----------+-------------------------------------------
     0 | D:1      | Maxmaps the Gnoll Fighter began the quest for the Orb.
     0 | D:1      | Reached XP level 1. HP: 23/23 MP: 1/1
   205 | D:1      | Reached XP level 2. HP: 27/29 MP: 2/2
   381 | D:1      | Found a faded altar of an unknown god.
   901 | D:2      | Reached XP level 3. HP: 30/35 MP: 3/3
   914 | D:2      | Reached skill level 1 in Invocations
  1137 | D:2      | Reached skill level 1 in Short Blades
  1137 | D:2      | Reached skill level 1 in Long Blades
  1137 | D:2      | Reached skill level 1 in Axes
  1137 | D:2      | Reached skill level 1 in Polearms
  1137 | D:2      | Reached skill level 1 in Staves
  1137 | D:2      | Reached skill level 1 in Ranged Weapons
  1137 | D:2      | Reached skill level 1 in Throwing
  1137 | D:2      | Reached skill level 1 in Dodging
  1137 | D:2      | Reached skill level 1 in Stealth
  1137 | D:2      | Reached skill level 1 in Unarmed Combat
  1137 | D:2      | Reached skill level 1 in Spellcasting
  1137 | D:2      | Reached skill level 1 in Evocations
  1220 | D:2      | Reached XP level 4. HP: 41/41 MP: 5/5
  1535 | D:2      | Reached skill level 1 in Conjurations
  1535 | D:2      | Reached skill level 1 in Hexes
  1535 | D:2      | Reached skill level 1 in Summonings
  1535 | D:2      | Reached skill level 1 in Necromancy
  1535 | D:2      | Reached skill level 1 in Translocations
  1535 | D:2      | Reached skill level 1 in Transmutations
  1535 | D:2      | Reached skill level 1 in Fire Magic
  1535 | D:2      | Reached skill level 1 in Ice Magic
  1535 | D:2      | Reached skill level 1 in Air Magic
  1535 | D:2      | Reached skill level 1 in Earth Magic
  1535 | D:2      | Reached skill level 1 in Poison Magic
  1827 | D:3      | Noticed Terence
  1846 | D:3      | Killed Terence
  1847 | D:3      | Reached XP level 5. HP: 10/47 MP: 5/7
  2075 | D:3      | Noticed Sigmund
  2113 | D:3      | Slain by Sigmund

Illustrated notes

Levels and vault maps discovered:
D:1:      dpeg_arrival_tiny_a, layout_loops_corners,
          dreamdust_ecumenical_altar_grove, hex_medium, st_stairs_4
D:2:      minmay_chambers_of_twos, layout_basic
D:3:      layout_basic, zin_academy, serial_shops, nicolae_shop_crystal,
          guppyfry_early_lair_pool, uniq_sigmund, uniq_natasha, uniq_terence

Skill      XL: |  1  2  3  4 |
---------------+-------------+-----
Invocations    | 1 |  1.6
Short Blades   | 1 |  1.4
Long Blades    | 1 |  1.4
Axes           | 1 |  1.4
Polearms       | 1 |  1.4
Staves         | 1 |  1.4
Ranged Weapons | 1 |  1.4
Throwing       | 1 |  1.4
Dodging        | 1 |  1.4
Stealth        | 1 |  1.4
Unarmed Combat | 1 |  1.4
Spellcasting   | 1 |  1.4
Evocations     | 1 |  1.4
Conjurations   | 1 |  1.1
Hexes          | 1 |  1.1
Summonings     | 1 |  1.1
Necromancy     | 1 |  1.1
Translocations | 1 |  1.1
Transmutations | 1 |  1.1
Fire Magic     | 1 |  1.1
Ice Magic      | 1 |  1.1
Air Magic      | 1 |  1.1
Earth Magic    | 1 |  1.1
Poison Magic   | 1 |  1.1
Fighting       | |  6.7
Maces & Flails | |  4.7
Armour         | |  6.7
Shields        | |  6.7

Action                     |  1- 3 |  4- 6 || total
---------------------------+-------+-------++-------
  Melee: Flail             |    63 |       ||    63
         Bite              |    11 |    11 ||    22
         Dagger            |    57 |   110 ||   167
    Use: Potion            |       |     1 ||     1
 Armour: Scale mail        |    64 |    14 ||    78
         Chain mail        |       |    20 ||    20
  Dodge: Dodged            |    48 |    26 ||    74
  Block: Buckler           |    25 |    16 ||    41

Table legend: (Time is in decaauts)
 A = Elapsed time spent in this place.
 B = Non-inter-level travel time spent in this place.
 C = Inter-level travel time spent in this place.
 D = Time resting spent in this place.
 E = Time spent auto-exploring this place.
 F = Levels seen in this place.
 G = Mean time per level.
                   A        B        C        D        E       F      G
               +--------+--------+--------+--------+--------+-----+--------+
         Total |   2064 |   1981 |     83 |    165 |   1419 |   3 |  688.0 |
       Dungeon |   2064 |   1981 |     83 |    165 |   1419 |   3 |  688.0 |
               +--------+--------+--------+--------+--------+-----+--------+

Top non-repeatable levels by time:
     D:1: 930 daAuts
     D:2: 849 daAuts
     D:3: 284 daAuts
